 Dungeon Crawl Stone Soup version 0.31.0-11-ge490571c62 (webtiles) character file.

Game seed: 10294035446309601548

735406 hikkokomori the Slayer (level 27, -5/233 HPs)
             Began as a Formicid Fighter on Feb 1, 2024.
             Was a High Priest of Okawaru.
             Killed from afar by a hellion (23 damage)
             ... with damnation
             ... on level 7 of Tartarus on Feb 2, 2024.
             The game lasted 03:15:09 (71563 turns).

hikkokomori the Slayer (Formicid Fighter)          Turns: 71563, Time: 03:15:10

Health: -5/233     AC: 51    Str: 30    XL:     27
Magic:  39/39      EV: 30    Int: 11    God:    Okawaru [*****.]
Gold:   3210       SH: 40    Dex: 35    Spells: 61/68 levels left

rFire   + . .        s - +9 executioner's axe (heavy)
rCold   . . .        i - +10 tower shield "Emott" {Will+}
rNeg    . . .        X - +10 crystal plate armour "Dimuat" {rPois rF+ Dex-3}
rPois   +            (helmet unavailable)
rElec   +            d - +2 cloak of the Thief {*Fog Slay-2 SInv Stlth+}
rCorr   .            o - +0 pair of fencer's gloves {Riposte Dex+3}
SInv    +            m - +2 pair of boots {rampage}
Will    ++...        E - amulet of regeneration Stlth
                     A - ring of Asceticism {*Corrode Will+ MP-9 Str+4 Dex+7}
HPRegen 1.38/turn    Y - ring of Eteth {Fly rElec AC+4 Dex+7}
MPRegen 0.26/turn

%: corrode self (3%), rampage
@: lethally poisoned (-5 -> -17), heroic, corroded, flying, studying
Spellcasting, weak-willed
A: permanent stasis, dig shafts and tunnels, antennae 3, four strong arms, agile
1, sense surroundings 1, subdued magic 1, noise suppression
}: 4/15 runes: serpentine, barnacled, slimy, silver
a: Dig, Shaft Self, Renounce Religion, Heroism, Finesse, Duel


You were on level 7 of Tartarus.
You worshipped Okawaru.
Okawaru was extremely pleased with you.
You visited 14 branches of the dungeon, and saw 63 of its levels.
You also visited: Trove, Ossuary, Ice Cave, Volcano and Wizlab.

You collected 9047 gold pieces.
You spent 5837 gold pieces at shops.

Inventory:

Hand Weapons
 s - a +9 heavy executioner's axe (weapon)
 u - the +11 flail "Kaostroxa" {heavy, Fly Will+ rCorr Dex-4}
   (You found it on level 15 of the Dungeon)

   Dex-4:     It affects your dexterity (-4).
   Will+:     It increases your willpower.
   Fly:       It grants you flight.
   rCorr:     It protects you from acid and corrosion.
 z - the +9 battleaxe of Korch {antimagic, rElec rN++ Int-5}
   (Okawaru gifted it to you on level 2 of the Snake Pit)

   Int-5:     It affects your intelligence (-5).
   rElec:     It insulates you from electricity.
   rN++:      It greatly protects you from negative energy.
 R - a +9 battleaxe of freezing
Missiles
 b - 6 throwing nets
 r - 22 silver javelins
 T - 40 javelins (quivered)
Armour
 d - the +2 cloak of the Thief (worn) {*Fog Slay-2 SInv Stlth+}
   (You found it in a treasure trove)

   *Fog:      It may release a thick cloud of smoke when the wearer is hurt.
   Slay-2:    It affects your accuracy & damage with ranged weapons and melee
   (-2).
   SInv:      It lets you see invisible.
   Stlth+:    It makes you more stealthy.
 i - the +10 tower shield "Emott" (worn) {Will+}
   (You acquired it on level 1 of the Crypt)

   Will+:     It increases your willpower.
 m - a +2 pair of boots of rampaging (worn)
 o - the +0 pair of fencer's gloves (worn) {Riposte Dex+3}
   (You found it on level 1 of the Realm of Zot)

   Riposte:   It allows the wearer to riposte with melee weapons, swiftly
   retaliating against missed or blocked melee attacks.
   Dex+3:     It affects your dexterity (+3).
 U - the +9 scales of the Dragon King {rPois rF+ rC+ Will+}
   (You found it on level 5 of the Pits of Slime)

   rF+:       It protects you from fire.
   rC+:       It protects you from cold.
   rPois:     It protects you from poison Will+: It increases your willpower.
 X - the +10 crystal plate armour "Dimuat" (worn) {rPois rF+ Dex-3}
   (Okawaru gifted it to you on level 2 of the Snake Pit)

   Dex-3:     It affects your dexterity (-3).
   rF+:       It protects you from fire.
   rPois:     It protects you from poison
Jewellery
 h - the ring of Kar Quom {rC+ rCorr Dex+4}
   (You bought it in a shop on level 1 of the Dungeon)

   [ring of protection from cold]

   Dex+4:     It affects your dexterity (+4).
   rC+:       It protects you from cold.
   rCorr:     It protects you from acid and corrosion.
 k - the amulet "Duwkuc" {Reflect Str+2 SH+5}
   (You bought it in a shop on level 2 of the Dungeon)

   [amulet of reflection]

   Reflect:   It reflects blocked missile attacks.
   Str+2:     It affects your strength (+2).
   SH+5:      It affects your SH (+5).
 A - the ring of Asceticism (left hand) {*Corrode Will+ MP-9 Str+4 Dex+7}
   (You acquired it on level 3 of the Depths)

   [ring of willpower]

   Str+4:     It affects your strength (+4).
   Dex+7:     It affects your dexterity (+7).
   Will+:     It increases your willpower.
   MP-9:      It affects your magic capacity (-9).
   *Corrode:  It may corrode you when you take damage.
 E - an amulet of regeneration (around neck)
 Q - the ring of Penoc {Wiz rC+ rN+ Str+3 Int+3}
   (You found it on level 1 of the Vaults)

   [ring of wizardry]

   Wiz:       It improves your spell success rate.
   Str+3:     It affects your strength (+3).
   Int+3:     It affects your intelligence (+3).
   rC+:       It protects you from cold.
   rN+:       It protects you from negative energy.
 Y - the ring of Eteth (right hand) {Fly rElec AC+4 Dex+7}
   (You found it on level 5 of the Pits of Slime)

   [ring of protection]

   AC+4:      It affects your AC (+4).
   Dex+7:     It affects your dexterity (+7).
   rElec:     It insulates you from electricity.
   Fly:       It grants you flight.
Wands
 M - a wand of flame (31)
 N - a wand of mindburst (38)
 S - a wand of digging (12)
 W - a wand of roots (43)
 Z - a wand of quicksilver (43)
Scrolls
 a - a scroll of brand weapon
 c - 12 scrolls of amnesia
 n - 9 scrolls of fog
 q - 2 scrolls of enchant armour
 t - a scroll of torment
 v - 4 scrolls of revelation
 D - 3 scrolls of silence
 H - 6 scrolls of poison
 O - 7 scrolls of fear
Potions
 e - 16 potions of curing
 f - 8 potions of cancellation
 g - 8 potions of mutation
 j - 11 potions of brilliance
 w - 2 potions of heal wounds
 y - 3 potions of ambrosia
 B - 2 potions of magic
 C - 9 potions of invisibility
 F - 7 potions of might
 G - 9 potions of enlightenment
 I - 8 potions of attraction
 J - 5 potions of resistance
Miscellaneous
 l - a condenser vane
 x - a lightning rod (4/4)
 K - a phial of floods


   Skills:
 - Level 22.4(27) Fighting
 + Level 21.4(26.6) Axes
 - Level 4.0(19.7) Maces & Flails
 - Level 3.0(19.4) Polearms
 + Level 14.6(19.6) Throwing
 - Level 22.0(27) Armour
 + Level 18.8(23.8) Dodging
 - Level 3.8(8.8) Stealth
 + Level 20.9(25.9) Shields
 + Level 21.1 Spellcasting
 - Level 9.4 Necromancy
 + Level 9.2 Translocations
 - Level 11.8 Invocations
 - Level 21.1 Evocations


You had 61 spell levels left.
You knew the following spells:

 Your Spells              Type           Power      Damage    Failure   Level
a - Fugue of the Fallen   Necr           24%        N/A       1%          3
b - Manifold Assault      Tloc           24%        N/A       3%          4

Your spell library contained the following spells:

 Spells                   Type           Power      Damage    Failure   Level
 Necrotise                Necr           96%        1d8       1%          1
 Lesser Beckoning         Tloc           48%        N/A       1%          2
 Sublimation of Blood     Necr           24%        N/A       1%          2
 Gell's Gravitas          Tloc           24%        N/A       1%          3
 Teleport Other           Tloc           24%        N/A       1%          3
 Vampiric Draining        Necr           24%        2d7       1%          3
 Kiss of Death            Conj/Necr      64%        2d10      2%          1
 Dispel Undead            Necr           24%        3d12      3%          4
 Passage of Golubria      Tloc           24%        N/A       3%          4
 Cigotuvi's Dreadful Rot  Necr/Alch/Air  28%        N/A       8%          2
 Volatile Blastmotes      Fire/Tloc      32%        2d12      9%          3
 Curse of Agony           Necr           24%        N/A       11%         5
 Foxfire                  Conj/Fire      32%        2x1d5     19%         1
 Magic Dart               Conj           32%        1d4       19%         1
 Shock                    Conj/Air       32%        1d5       19%         1
 Anguish                  Hex/Necr       8%         N/A       28%         4
 Ensorcelled Hibernation  Hex/Ice        16%        N/A       30%         2
 Jinxbite                 Hex            16%        N/A       30%         2
 Mercury Vapours          Alch/Air       16%        N/A       30%         2
 Scorch                   Fire           16%        2d5       30%         2
 Searing Ray              Conj           16%        2d5       30%         2
 Static Discharge         Conj/Air       16%        3-4/arc   30%         2
 Dimensional Bullseye     Hex/Tloc       8%         N/A       30%         4
 Iskenderun's Mystic Bla  Conj/Tloc      16%        2d5       30%         4
 Confusing Touch          Hex            8%         N/A       52%         3
 Dazzling Flash           Conj/Hex       16%        N/A       52%         3
 Hailstorm                Conj/Ice       8%         3d5       52%         3
 Mephitic Cloud           Conj/Alch/Air  8%         N/A       52%         3
 Ozocubu's Armour         Ice            8%         N/A       52%         3
 Stone Arrow              Conj/Erth      16%        3d8       52%         3
 Dispersal                Tloc           12%        N/A       56%         6
 Borgnjor's Vile Clutch   Necr/Erth      8%         N/A       61%         5
 Airstrike                Air            4%         2d(1-17)  90%         4
 Brom's Barrelling Bould  Conj/Erth      8%         2d3       90%         4
 Cause Fear               Hex            4%         N/A       90%         4
 Fulminant Prism          Conj/Alch      4%         3d5       90%         4
 Ignite Poison            Fire/Alch      8%         N/A       90%         4
 Leda's Liquefaction      Alch/Erth      4%         N/A       90%         4
 Sticky Flame             Fire/Alch      8%         2d4       90%         4
 Alistair's Intoxication  Alch           5%         N/A       99%         5
 Arcjolt                  Conj/Air       4%         1d14      99%         5
 Fireball                 Conj/Fire      4%         3d4       99%         5
 Lee's Rapid Deconstruct  Erth           4%         3d5*      99%         5
 Silence                  Hex/Air        4%         N/A       99%         5
 Yara's Violent Unravell  Hex/Alch       4%         3d4       99%         5
 Bombard                  Conj/Erth      4%         9d2       100%        6
 Conjure Ball Lightning   Conj/Air       4%         3x3d6     100%        6
 Eringya's Noxious Bog    Alch           4%         4d6       100%        6
 Plasma Beam              Fire/Air       4%         2x1d14    100%        6
 Starburst                Conj/Fire      4%         6d3       100%        6
 Enfeeble                 Hex            4%         N/A       100%        7
 Orb of Destruction       Conj           4%         9d5       100%        7
 Borgnjor's Revivificati  Necr           12%        N/A       100%        8
 Ignition                 Fire           4%         3d4       100%        8
 Lehudib's Crystal Spear  Conj/Erth      4%         10d3      100%        8
 Maxwell's Capacitive Co  Air            4%         ∞         100%        8
 Chain Lightning          Conj/Air       4%         3d5       100%        9
 Death's Door             Necr           12%        N/A       100%        9
 Blink                    Tloc           Unusable   N/A       N/A         2
 Animate Dead             Necr           Unusable   N/A       N/A         4
 Summon Small Mammal      Summ           Unusable   N/A       N/A         1
 Martyr's Knell           Necr/Summ      Unusable   N/A       N/A         4
 Call Imp                 Summ           Unusable   N/A       N/A         2
 Vhi's Electric Charge    Tloc/Air       Unusable   N/A       N/A         4
 Summon Ice Beast         Ice/Summ       Unusable   N/A       N/A         3
 Tukima's Dance           Hex            Unusable   N/A       N/A         3
 Animate Armour           Summ/Erth      Unusable   N/A       N/A         4
 Summon Blazeheart Golem  Fire/Summ      Unusable   N/A       N/A         4
 Sculpt Simulacrum        Ice/Alch       Unusable   N/A       N/A         6
 Haunt                    Necr/Summ      Unusable   N/A       N/A         7
 Spellforged Servitor     Conj/Summ      Unusable   N/A       N/A         7
 Summon Hydra             Summ           Unusable   N/A       N/A         7
 Dragon's Call            Summ           Unusable   N/A       N/A         9

Dungeon Overview and Level Annotations

Branches:
Dungeon (15/15)            Temple (1/1) D:6            Lair (5/5) D:8
 Shoals (4/4) Lair:3        Snake (4/4) Lair:3        Slime (5/5) Lair:4
    Orc (2/2) D:11            Elf (2/3) Orc:2        Vaults (5/5) D:14
  Crypt (3/3) Vaults:2       Tomb (0/3) Crypt:3      Depths (4/4) D:15
   Hell (visited)             Tar (7/7) Hell            Zot (5/5) Depths:4
Ossuary (visited)           IceCv (visited)         Volcano (visited)
 WizLab (visited)
    Dis: Hell:1         Geh: Hell:1         Coc: Hell:1

Altars:
Ashenzari
Cheibriados
Dithmenos
Elyvilon
Fedhas
Gozag
Hepliaklqana
Kikubaaqudgha
Makhleb
Nemelex Xobeh
Okawaru
Qazlal
Ru
Sif Muna
Trog
Uskayaw
Vehumet
Wu Jian
Xom
Yredelemnul
Zin
The Shining One
Jiyva

Shops:
D:1 =   D:2 =   D:14 [   Orc:1 !   Orc:2 *(::   Elf:1 [(   Snake:4 (
Vaults:1 [   Depths:3 *

Portals:
Hell: Depths:1 Depths:2 Depths:3 Depths:4
Abyss: Depths:3 Depths:4
Pandemonium: Depths:2
Ziggurat: Depths:4

Annotations:
Shoals:1 Roxanne
Elf:2 1 runed translucent door


Innate Abilities, Weirdness & Mutations

You cannot be hasted, slowed, berserked, paralysed or teleported.
You can dig through walls and to a lower floor.
You have a pair of large antennae on your head. (SInv)
Your four strong arms can wield two-handed weapons with a shield.
You are agile. (Dex +4, Str/Int -1)
You passively map a small area around you.
Your spells are a little easier to cast, but a little less powerful.
You passively dampen the noise of your surroundings.


Message History

You cut the putrid mouth into ribbons!!!!
The putrid mouth is almost destroyed.
You slice the shadow wraith!! You slash the tainted leviathan!
You destroy the tainted leviathan!
Okawaru accepts your kill.
You are engulfed in dark miasma.
You are more poisoned.
* * * LOW HITPOINT WARNING * * *
You feel extremely sick.
You block the putrid mouth's attack. x2; You riposte.
You slice the putrid mouth like a ripe choko!!!
You destroy the putrid mouth!
Okawaru accepts your kill.
You hit the shadow wraith. x2
You destroy the shadow wraith!
Okawaru accepts your kill. The hellion gestures at you.
The sphere of damnation explodes!
The damnation engulfs you!!
* * * LOW HITPOINT WARNING * * *
The damnation engulfs the shadow wraith!
Your life force feels restored.
Unknown command.
Unknown command.
Unknown command.
Aiming: Duel (8% risk of failure)
Press: ? - help, Dir - move target, f - hellion
Aim: a hellion (foul pestilence)
The hellion is not worthy to be dueled!
Aiming: Duel (8% risk of failure)
Press: ? - help, Dir - move target, p - hellion
Okay, then.
* * * LOW HITPOINT WARNING * * *
You feel extremely sick.
The shadow wraith attacks as it pursues you!
You block the shadow wraith's attack.
You riposte.
You barely miss the shadow wraith.
The shadow wraith is moderately damaged.
The hellion gestures at you.
The sphere of damnation explodes!
The damnation engulfs you!!
You die...

...#.........#. 8 ,
....^...........
.................. *
..................
.............2....°.....
...........#..°......#..
.............○(°(°......
*
.............☼☼.W.......
,
..........§..°.(@.......
........§§§§.°°.........
,
........§.§#.°.......#..
*
........§§§§§...........
#######.§§§§§...........
* #.§§§.§.(......... ,
#.§.§§§........... , ,
#§.§.#.........#.., ,
#.............. , ,


You could see a shadow wraith (invisible) and a hellion.

Vanquished Creatures
  the Royal Jelly (Arena)
  6 dread liches
  4 orbs of fire (Zot:5)
  3 ancient liches
  Mara (Snake:4)
  The ghost of strangelove the Metallomancer, a master GrEE of Vehumet (Depths:4)
  2 juggernauts
  Parghit (Zot:3)
  4 Killer Klowns (Zot:5)
  3 curse toes
  Vashnia (Snake:4)
  Geryon (Hell)
  Jory (Crypt:2)
  Nikola (Shoals:1)
  4 profane servitors
  11 golden dragons
  10 bone dragons
  4 electric golems
  9 Tzitzimimeh
  A Brimstone Fiend (Tar:3)
  16 tentacled monstrosities
  7 doom hounds
  A Hell Sentinel (Tar:3)
  2 walking earthen tomes (Depths:2)
  Jorgrun (Shoals:1)
  A walking divine tome (Depths:3)
  Grunn (Zot:1)
  An Ice Fiend (Tar:3)
  7 liches
  5 quicksilver dragons
  11 tainted leviathans
  25 Orb Guardians (Zot:5)
  24 acid blobs
  9 sphinxes
  3 deep elf blademasters (Elf:2)
  10 titans
  7 searing wretches (Hell)
  An ancient champion (Crypt:3)
  Gastronok (Lair:3)
  7 death cobs
  6 tengu reavers
  3 krakens
  7 shadow dragons
  10 storm dragons
  4 revenants
  Donald (Elf:2)
  3 nagarajas (Snake:4)
  7 azure jellies
  3 protean progenitors
  8 rockslimes
  6 frost giants
  2 deep elf sorcerers
  A ghost moth (Zot:2)
  7 draconian monks
  5 iron dragons
  6 draconian knights
  7 draconian shifters
  A balrug (Depths:1)
  10 fire giants
  A spectral caustic shrike (Tar:5)
  7 draconian scorchers
  22 vault wardens
  5 ghouls
  A curse skull (Crypt:2)
  9 formless jellyfish
  A shard shrike simulacrum (Hell)
  2 caustic shrike zombies
  2 draconian stormcallers
  9 reapers
  3 spriggan defenders (Depths:2)
  8 orc warlords
  6 draconian annihilators
  6 quicksilver oozes
  16 stone giants
  16 ironbound preservers
  The ghost of DeathSocks the Carver, a journeyman VSBr (D:14)
  12 ironbound thunderhulks
  7 vampire knights
  33 very ugly things
  Nessos (Lair:3)
  2 elemental wellsprings (Hell)
  14 black draconians
  A lorocyproca (Hell)
  Azrael (D:13)
  A wendigo (Hell)
  8 green draconians
  6 white draconians
  13 putrid mouths
  4 deep elf annihilators
  3 spark wasps (Depths:2)
  9 red draconians
  9 dire elephants
  An orange crystal statue (WizLab)
  A spark wasp (shapeshifter) (Vaults:5)
  12 yellow draconians
  5 deep elf death magi
  9 purple draconians
  6 war gargoyles
  2 spectral titans
  13 ettins
  6 merfolk javelineers
  4 mummy priests (Crypt:3)
  Snorg (D:13)
  4 eidola
  8 merfolk impalers
  5 jiangshi
  3 entropy weavers
  A spectral golden dragon (Tar:2)
  2 green deaths (Hell)
  A spriggan zombie (Hell)
  2 deep elf high priests (Vaults:5)
  12 great orbs of eyes
  17 yaktaur captains
  5 fire dragons
  5 hydras
  11 ice dragons
  A spectral shadow dragon (Depths:4)
  A quicksilver dragon skeleton (Crypt:2)
  3 rakshasas
  40 vault guards
  9 spectral spriggans
  3 catoblepae
  9 spriggan air magi
  11 anacondas
  2 peacekeepers (Vaults:3)
  13 ironbound frosthearts
  The ghost of Strat the Nimble, a journeyman MfCj of Hepliaklqana (D:11)
  5 alligator snapping turtles
  4 salamander tyrants
  A bennu zombie (Crypt:2)
  3 merfolk avatars
  A stoker (Hell)
  16 two-headed ogres
  13 tengu warriors
  6 boulder beetles
  18 dancing weapons
  6 centaur warriors
  6 deep troll earth magi
  11 deep troll shamans
  2 ogre magi
  Erica (Lair:1)
  3 merfolk aquamancers
  10 death yaks
  8 naga warriors
  4 death knights
  5 satyrs
  A death scarab (Crypt:2)
  2 occultists (Depths:1)
  5 spriggan berserkers
  A spectral naga (Tar:3)
  8 naga sharpshooters
  A spectral storm dragon (Depths:4)
  6 shock serpents
  2 shock serpents (shapeshifter)
  7 vampire magi
  A spectral dire elephant (Tar:4)
  5 sun demons (Hell)
  Sonja (Orc:2)
  6 orc high priests
  16 deep elf knights
  4 salamander mystics
  Nergalle (D:10)
  7 hell knights (Hell)
  7 shadow wraiths
  Amaemon (Lair:1)
  5 soul eaters
  7 skysharks
  A spectral death yak (Lair:5)
  A deep troll (shapeshifter) (Elf:1)
  10 sea snakes
  7 iron trolls
  An anaconda zombie (Hell)
  A golden dragon zombie (Crypt:1)
  18 skeletal warriors
  10 bog bodies
  4 flayed ghosts
  3 spectral anacondas
  6 mana vipers
  62 deep trolls
  6 naga ritualists
  3 glowing orange brains
  A spriggan simulacrum (Depths:4)
  8 deep elf archers
  A quicksilver dragon simulacrum (Depths:4)
  An anaconda skeleton (Crypt:2)
  Pikel (D:5)
  3 spectral iron dragons
  28 ironbound convokers
  5 lindwurms
  An obsidian statue (Lair:5)
  9 arcanists
  2 golden dragon skeletons
  A mana viper (shapeshifter) (Vaults:5)
  A spectral ettin (Tar:4)
  27 harpies
  A wolf spider (D:15)
  An iron giant skeleton (Crypt:3)
  A broodmother zombie (Crypt:1)
  10 phantasmal warriors
  14 orc knights
  2 bunyip skeletons
  20 deep elf pyromancers
  A sphinx simulacrum (Depths:4)
  11 necromancers
  An oklob plant (D:13)
  2 tengu skeletons (Depths:1)
  13 manticores
  6 shining eyes
  25 deep elf zephyrmancers
  Maurice (D:9)
  5 orc sorcerers
  A fire giant skeleton (Crypt:2)
  21 moths of wrath
  19 fauns
  41 ugly things
  3 meliai (D:13)
  10 cyclopes
  An iron dragon skeleton (Depths:1)
  An alligator skeleton (Hell)
  A frost giant skeleton (Crypt:2)
  2 spectral centaurs
  7 merfolk sirens
  18 elephants
  16 salamanders
  14 naga magi
  2 ice statues
  Joseph (D:8)
  A dire elephant zombie (Hell)
  A molten gargoyle (Depths:3)
  3 titan simulacra
  35 black mambas
  2 eyes of devastation
  11 cane toads
  4 guardian serpents
  14 water nymphs
  An elephant (shapeshifter) (Depths:1)
  8 rust devils (Hell)
  14 vault sentinels
  3 gargoyles
  Jeremiah (D:7)
  A centaur skeleton (Hell)
  An orange demon (Lair:1)
  A torpor snail (shapeshifter) (Vaults:5)
  An unseen horror (D:12)
  A red draconian zombie (Crypt:1)
  2 torpor snails (Lair:3)
  A death yak zombie (Crypt:3)
  10 hellions
  A swamp worm zombie (Crypt:3)
  A dire elephant skeleton (Crypt:1)
  A rime drake (shapeshifter) (Elf:1)
  2 efreet
  10 komodo dragons
  A kobold demonologist (D:12)
  Psyche (D:8)
  29 yaktaurs
  A bunyip simulacrum (Hell)
  32 guardian mummies (Crypt:3)
  7 tengu conjurers
  An anaconda simulacrum (Crypt:1)
  6 tormentors
  4 freezing wraiths
  A harpy zombie (Hell)
  6 spectral harpies
  A hydra zombie (Crypt:1)
  2 spectral glowing shapeshifters (Depths:4)
  2 pale draconian skeletons (Crypt:2)
  3 silent spectres
  21 polar bears
  8 hornets
  42 merfolk
  A polar bear (shapeshifter) (D:14)
  3 wind drakes
  2 tengu simulacra
  2 glass eyes
  Grinder (D:3)
  Prince Ribbit (D:8)
  11 snapping turtles
  3 trolls
  16 dream sheep
  A glass eye (shapeshifter) (Depths:4)
  11 blink frogs
  An alligator simulacrum (Hell)
  2 dream sheep (shapeshifter)
  An iron dragon simulacrum (Depths:1)
  A centaur simulacrum (Hell)
  A black mamba zombie (Crypt:3)
  An air elemental (Elf:2)
  Sigmund (D:3)
  2 spectral black mambas (Tar:1)
  An ettin skeleton (Vaults:4)
  7 basilisks
  78 slime creatures
  2 vampires
  6 spriggans
  4 wraiths
  8 ushabtiu (Crypt:3)
  15 water elementals
  53 yaks
  7 fire elementals
  6 wyverns
  2 wargs (Orc:1)
  5 golden eyes (Slime:5)
  A steam dragon (D:9)
  A black mamba skeleton (Crypt:1)
  7 redbacks
  3 harpy simulacra (Hell)
  35 nagas
  A glowing shapeshifter zombie (Vaults:4)
  7 acid dragons
  2 swamp worms (shapeshifter) (Vaults:5)
  A skyshark zombie (Crypt:3)
  3 hell hounds (D:13)
  14 water moccasins
  Duvessa (D:6)
  27 orc warriors
  3 ice beasts
  A snapping turtle zombie (Crypt:2)
  11 black bears
  10 laughing skulls
  3 boggarts (D:15)
  33 wolves
  10 ogres
  11 centaurs
  An elephant skeleton (Lair:5)
  A phantom (D:6)
  3 kobold brigands
  A draconian zombie (Crypt:3)
  13 bullfrogs
  A glowing shapeshifter simulacrum (Depths:4)
  2 necrophages (Crypt:3)
  A gnoll sergeant (D:11)
  10 scorpions
  An earth elemental (Elf:2)
  Dowan (D:6)
  9 wights
  14 killer bees
  A human simulacrum (Vaults:2)
  An elephant simulacrum (Lair:5)
  3 howler monkeys (D:13)
  4 centaur zombies
  3 human zombies
  5 jellies
  2 gnoll boudas
  5 hounds
  34 orc priests
  A basilisk skeleton (Crypt:3)
  3 iguanas
  49 orc wizards
  5 hell rats (Hell)
  6 scorpion zombies (Ossuary)
  A brain worm zombie (Crypt:1)
  An ice beast zombie (Crypt:2)
  A tengu zombie (Crypt:2)
  7 mummies
  Robin (D:2)
  11 gnolls
  6 adders
  6 ufetubi
  An adder zombie (Ossuary)
  An adder skeleton (Crypt:1)
  A ribbon worm (D:4)
  2 dart slugs
  105 orcs
  3 endoplasms
  3 giant cockroaches
  15 goblins
  12 hobgoblins
  6 jackals
  3 quokkas
  3 training dummies (Elf:1)
  11 ball pythons
  2 ball python zombies (Ossuary)
  9 bats
  2 frilled lizards (D:3)
  3 jackal zombies (Ossuary)
  20 kobolds
  A kobold skeleton (Crypt:2)
  3 orc zombies (Ossuary)
  8 rats
  A rat zombie (Crypt:3)
  An aspiring flesh (Zot:3)
  A butterfly (Lair:2)
  A fire vortex (Hell)
  5 tentacles
2662 creatures vanquished.

Vanquished Creatures (collateral kills)
  An ogre (D:5)
1 creature vanquished.

Vanquished Creatures (others)
  Ilsuiw (Shoals:2)
  An ironbound preserver (Vaults:3)
  A purple draconian (Zot:5)
  A red draconian (Zot:5)
  A merfolk avatar (Shoals:2)
  A merfolk aquamancer (Shoals:3)
  A deep troll earth mage (Depths:4)
  3 deep elf pyromancers
  A necromancer (Hell)
  A deep elf zephyrmancer (Elf:1)
  An arcanist (D:8)
  A yak (IceCv)
  17 tentacles
31 creatures vanquished.

Grand Total: 2694 creatures vanquished

Notes
Turn   | Place    | Note
-------+----------+-------------------------------------------
     0 | D:1      | hikkokomori the Formicid Fighter began the quest for the
                  | Orb.
     0 | D:1      | Reached XP level 1. HP: 18/18 MP: 1/1
    82 | D:1      | Reached XP level 2. HP: 16/24 MP: 2/2
   145 | D:1      | Found Fustrujef's One-of-a-Kind Rings.
   425 | D:1      | Reached XP level 3. HP: 30/30 MP: 3/3
   862 | D:2      | Found a faded altar of an unknown god.
   928 | D:2      | Noticed Robin
   945 | D:2      | Killed Robin
   946 | D:2      | Reached XP level 4. HP: 33/36 MP: 4/4
  1020 | D:2      | Reached skill level 1 in Throwing
  1581 | D:2      | Found Fyng's Jewellery Boutique.
  1656 | D:3      | Reached XP level 5. HP: 26/43 MP: 5/5
  1835 | D:3      | Noticed Grinder
  1840 | D:3      | Killed Grinder
  1841 | D:3      | Reached skill level 5 in Fighting
  1841 | D:3      | Reached XP level 6. HP: 51/51 MP: 6/6
  2102 | D:3      | Found a blossoming altar of Fedhas.
  2109 | D:3      | Noticed Sigmund
  2118 | D:3      | Killed Sigmund
  2119 | D:3      | Reached XP level 7. HP: 49/57 MP: 7/7
  2991 | D:4      | Reached skill level 1 in Evocations
  2991 | D:4      | Reached XP level 8. HP: 63/64 MP: 8/8
  3092 | D:4      | Learned a level 3 spell: Fugue of the Fallen
  3375 | D:5      | Entered Level 5 of the Dungeon
  3418 | D:5      | Reached skill level 5 in Shields
  3510 | D:5      | Reached skill level 5 in Axes
  3551 | D:5      | Noticed Pikel
  3561 | D:5      | HP: 1/64 [Pikel/+1 whip of electrocution (19)]
  4008 | D:5      | Killed Pikel
  4009 | D:5      | Reached skill level 5 in Armour
  4009 | D:5      | Reached XP level 9. HP: 64/71 MP: 9/9
  4502 | D:6      | Reached skill level 1 in Maces & Flails
  4502 | D:6      | Reached skill level 1 in Spellcasting
  4562 | D:6      | Noticed Duvessa
  4562 | D:6      | Noticed Dowan
  4584 | D:6      | Killed Duvessa
  4599 | D:6      | Killed Dowan
  4717 | D:6      | Found a sand-covered staircase.
  4727 | Ossuary  | Entered an ossuary
  5371 | Ossuary  | Reached XP level 10. HP: 80/80 MP: 14/14
  5594 | D:6      | Reached skill level 5 in Evocations
  5769 | D:6      | Found a staircase to the Ecumenical Temple.
  5789 | Temple   | Entered the Ecumenical Temple
  5803 | Temple   | Became a worshipper of Warmaster Okawaru
  6171 | D:7      | Noticed Jeremiah
  6176 | D:7      | Killed Jeremiah
  6177 | D:7      | Reached skill level 1 in Invocations
  6927 | D:7      | Reached skill level 1 in Necromancy
  7106 | D:8      | Reached skill level 1 in Stealth
  7127 | D:8      | Noticed a death yak
  7128 | D:8      | Noticed a death yak
  7130 | D:8      | Noticed a death yak
  7140 | D:8      | You fall into a shaft and drop 1 floor!
  7205 | D:9      | Reached * piety under Okawaru
  7250 | D:9      | Noticed Maurice
  7269 | D:9      | Reached skill level 1 in Dodging
  7281 | D:9      | Killed Maurice
  7413 | D:9      | Found a transporter.
  7596 | D:8      | Found a bloodstained altar of Trog.
  7601 | D:8      | Noticed Joseph
  7620 | D:8      | Killed Joseph
  7799 | D:8      | Reached ** piety under Okawaru
  7800 | D:8      | Reached XP level 11. HP: 67/87 MP: 17/17
  7901 | D:8      | Noticed Prince Ribbit
  7906 | D:8      | Killed Prince Ribbit
  8019 | D:8      | Killed a death yak
  8020 | D:8      | Killed a death yak
  8023 | D:8      | Killed a death yak
  8023 | D:8      | Reached *** piety under Okawaru
  8024 | D:8      | Reached skill level 5 in Throwing
  8067 | D:8      | Found a staircase to the Lair.
  8100 | D:8      | Noticed Psyche
  8110 | D:8      | Killed Psyche
  8344 | D:8      | Noticed a wizard
  8348 | D:8      | Killed a wizard
  8492 | Lair:1   | Entered Level 1 of the Lair of Beasts
  8572 | Lair:1   | Reached skill level 1 in Polearms
  8743 | Lair:1   | Reached **** piety under Okawaru
  8888 | Lair:1   | Noticed Amaemon
  8904 | Lair:1   | Killed Amaemon
  8905 | Lair:1   | Reached skill level 10 in Fighting
  8905 | Lair:1   | Reached XP level 12. HP: 85/97 MP: 16/18
  8953 | Lair:1   | Noticed Erica
  8964 | Lair:1   | Killed Erica
  9915 | D:9      | Found a transporter.
  9980 | D:10     | Entered Level 10 of the Dungeon
 10345 | D:10     | Noticed Nergalle
 10360 | D:10     | Killed Nergalle
 10361 | D:10     | Reached skill level 5 in Invocations
 10651 | D:11     | Found a staircase to the Orcish Mines.
 10696 | D:11     | Reached ***** piety under Okawaru
 10700 | D:11     | Found a runed translucent door.
 10707 | D:11     | Noticed Strat's ghost (journeyman MfCj)
 10711 | D:11     | Identified the +0 chain mail of the Guardian {Dex+3}
 10884 | D:11     | Noticed a two-headed ogre
 10895 | D:11     | Killed a two-headed ogre
 10900 | D:11     | Received a gift from Okawaru
 11163 | D:11     | Killed Strat's ghost
 11330 | Lair:2   | Noticed a four-headed hydra
 11356 | Lair:2   | Killed a one-headed hydra
 11366 | Lair:2   | Reached XP level 13. HP: 84/105 MP: 19/19
 11416 | Lair:2   | Found a dark tunnel.
 11426 | Volcano  | Entered a volcano
 11467 | Volcano  | Noticed a centaur warrior
 11481 | Volcano  | Killed a centaur warrior
 11527 | Volcano  | Noticed a red draconian
 11536 | Volcano  | Killed a red draconian
 12156 | Lair:2   | Reached skill level 10 in Shields
 12477 | Lair:3   | Noticed a seven-headed hydra
 12511 | Lair:2   | Killed a four-headed hydra
 12593 | Lair:3   | Noticed Nessos
 12608 | Lair:3   | Killed Nessos
 12735 | Lair:3   | HP: 4/106 [skyshark (8)]
 12736 | Lair:3   | You are sucked into a shaft and drop 1 floor!
 12858 | Lair:4   | Received a gift from Okawaru
 12996 | Lair:4   | Reached XP level 14. HP: 109/113 MP: 20/20
 13099 | Lair:4   | Found a staircase to the Slime Pits.
 13099 | Lair:4   | Found a viscous altar of Jiyva.
 13125 | Lair:4   | Found a frozen archway.
 13207 | IceCv    | Entered an ice cave
 13336 | IceCv    | Received a gift from Okawaru
 13430 | IceCv    | Identified the +0 ice dragon scales of Hythei Cysch {rElec
                  | rF- rC++ Int+2 Dex+2 Slay-6}
 13705 | IceCv    | Reached skill level 5 in Dodging
 13790 | IceCv    | Received a gift from Okawaru
 14809 | Lair:3   | Noticed Gastronok
 14817 | Lair:3   | Killed Gastronok
 14910 | Lair:3   | Reached XP level 15. HP: 111/122 MP: 21/21
 15020 | Lair:3   | Reached skill level 10 in Armour
 15025 | Lair:3   | Received a gift from Okawaru
 15108 | Lair:3   | Found a staircase to the Shoals.
 15129 | Lair:3   | Found a staircase to the Snake Pit.
 15477 | Lair:5   | Entered Level 5 of the Lair of Beasts
 15661 | Lair:5   | Reached skill level 5 in Necromancy
 15722 | Lair:5   | Received a gift from Okawaru
 16303 | Lair:5   | Reached skill level 10 in Invocations
 16392 | Lair:5   | Gained mutation: Your magical capacity is low. (-10% MP) [a
                  | neqoxec]
 16393 | Lair:5   | Gained mutation: Potions are less effective at restoring
                  | your health. [a neqoxec]
 17121 | Orc:1    | Entered Level 1 of the Orcish Mines
 17282 | Orc:1    | Identified the +7 chain mail of the Peculiar Friars
                  | {Regen+}
 17300 | Orc:1    | Noticed an orc warlord
 17316 | Orc:1    | Killed an orc warlord
 17485 | Orc:2    | Entered Level 2 of the Orcish Mines
 17532 | Orc:1    | Found Tujekk's Distillery.
 17672 | Orc:2    | Reached XP level 16. HP: 131/131 MP: 21/21
 17672 | Orc:2    | Noticed Sonja
 17679 | Orc:2    | Killed Sonja
 17738 | Orc:2    | Reached skill level 10 in Axes
 17871 | Orc:2    | Found a staircase to the Elven Halls.
 17891 | Orc:2    | Found a shimmering blue altar of Sif Muna.
 18129 | Orc:2    | Found Ammifron's Assorted Antiques.
 18129 | Orc:2    | Found Siopibem's Antique Weapon Shop.
 18130 | Orc:2    | Found Sidutota's Book Boutique.
 18134 | Orc:2    | Found Baorit's Book Boutique.
 18249 | Orc:1    | Bought a potion of curing for 48 gold pieces
 18249 | Orc:1    | Bought a potion of invisibility for 128 gold pieces
 18249 | Orc:1    | Bought a potion of heal wounds for 80 gold pieces
 18249 | Orc:1    | Bought a potion of might for 64 gold pieces
 18249 | Orc:1    | Bought 2 potions of curing for 96 gold pieces
 18249 | Orc:1    | Bought a potion of mutation for 128 gold pieces
 18249 | Orc:1    | Bought a potion of cancellation for 128 gold pieces
 18252 | Orc:1    | Lost mutation: Potions are less effective at restoring your
                  | health. [potion of mutation]
 18252 | Orc:1    | Lost mutation: Your magical capacity is low. (-10% MP)
                  | [potion of mutation]
 18252 | Orc:1    | Gained mutation: You are dopey. (Int -2) [potion of
                  | mutation]
 18252 | Orc:1    | Lost mutation: You are dopey. (Int -2) [potion of mutation]
 18473 | D:1      | Bought the ring of Kar Quom {rC+ rCorr Dex+4} for 598 gold
                  | pieces
 18549 | D:2      | Bought the amulet "Duwkuc" {Reflect Str+2 SH+5} for 535
                  | gold pieces
 19005 | D:12     | Found a portal to a secret trove of treasure.
 19122 | D:12     | Received a gift from Okawaru
 19588 | D:13     | Noticed Snorg
 19606 | D:13     | Killed Snorg
 19693 | D:13     | Noticed Azrael
 19724 | D:13     | Killed Azrael
 20178 | D:13     | Found a blossoming altar of Fedhas.
 20462 | D:14     | Received a gift from Okawaru
 20520 | D:14     | Found a gate to the Vaults.
 20527 | D:14     | Reached skill level 5 in Spellcasting
 20718 | D:14     | Found an opulent altar of Gozag.
 20933 | D:14     | Reached skill level 10 in Evocations
 20957 | D:14     | Found Reum's Antique Armour Boutique.
 20995 | D:14     | Noticed DeathSocks's ghost (journeyman VSBr)
 21002 | D:14     | Found a transporter.
 21008 | D:14     | Found a bloodstained altar of Trog.
 21019 | D:14     | Found a transporter.
 21118 | D:15     | Entered Level 15 of the Dungeon
 21122 | D:15     | Received a gift from Okawaru
 21126 | D:15     | Reached XP level 17. HP: 139/139 MP: 25/25
 21154 | D:15     | Reached ****** piety under Okawaru
 21195 | D:15     | Identified the +11 flail "Kaostroxa" {heavy, Fly Will+
                  | rCorr Dex-4}
 21514 | D:15     | Found a staircase to the Depths.
 22064 | D:14     | Received a gift from Okawaru
 22094 | D:14     | Killed DeathSocks's ghost
 22131 | D:14     | Identified the staff of Jaymocka {rElec rC+ rN+ Necro}
 22395 | Snake:1  | Entered Level 1 of the Snake Pit
 23242 | Snake:1  | Received a gift from Okawaru
 23822 | Snake:2  | Acquired the +10 crystal plate armour "Dimuat" {rPois rF+
                  | Dex-3}
 23822 | Snake:2  | Received a gift from Okawaru
 23883 | Snake:2  | Acquired the +9 battleaxe of Korch {antimagic, rElec rN++
                  | Int-5}
 23883 | Snake:2  | Received a gift from Okawaru
 24127 | Snake:2  | Reached XP level 18. HP: 147/147 MP: 28/28
 24300 | Snake:3  | Received a gift from Okawaru
 25196 | Snake:3  | Reached XP level 19. HP: 154/154 MP: 29/31
 25504 | Snake:4  | Entered Level 4 of the Snake Pit
 25514 | Snake:4  | Reached skill level 15 in Fighting
 25747 | Snake:4  | Found Edgheczikk's Weapon Shop.
 26039 | Snake:4  | Received a gift from Okawaru
 26082 | Arena    | Entered the Arena
 26136 | Snake:4  | Noticed Mara
 26148 | Snake:4  | Noticed hikkokomori's illusion
 26643 | Snake:4  | Noticed hikkokomori's illusion
 26661 | Snake:4  | Killed Mara
 26683 | Snake:4  | Noticed Vashnia
 26694 | Snake:4  | Killed Vashnia
 26737 | Snake:4  | Got a serpentine rune of Zot
 27608 | Shoals:1 | Entered Level 1 of the Shoals
 28133 | Shoals:1 | Received a gift from Okawaru
 28487 | Shoals:1 | Reached XP level 20. HP: 141/163 MP: 33/33
 28569 | Shoals:1 | Noticed Jorgrun
 28582 | Shoals:1 | Killed Jorgrun
 28898 | Shoals:1 | Noticed Nikola
 28900 | Shoals:1 | Noticed Roxanne
 28927 | Shoals:1 | Killed Nikola
 29072 | Shoals:1 | Reached skill level 15 in Shields
 29538 | Shoals:2 | Received a gift from Okawaru
 29902 | Shoals:2 | Noticed Ilsuiw
 29924 | Shoals:2 | Killed Ilsuiw
 31101 | Shoals:3 | Reached skill level 10 in Spellcasting
 31127 | Shoals:3 | Received a gift from Okawaru
 31153 | Arena    | Entered the Arena
 33003 | Shoals:4 | Entered Level 4 of the Shoals
 33475 | Shoals:4 | Reached XP level 21. HP: 154/172 MP: 32/35
 33934 | Shoals:4 | Got a barnacled rune of Zot
 34509 | Shoals:4 | Identified the +3 rapier "Eryom" {heavy, rElec Will+ Int-5
                  | Dex+2}
 35152 | Slime:1  | Entered Level 1 of the Pits of Slime
 35170 | Slime:1  | Gained mutation: Your muscles are strong. (Str +4, Int/Dex
                  | -1) [a shining eye]
 35171 | Slime:1  | Gained mutation: You occasionally lose the ability to read
                  | scrolls when taking damage. [a shining eye]
 35900 | Slime:5  | Entered Level 5 of the Pits of Slime
 36651 | Orc:2    | Bought a scroll of enchant weapon for 187 gold pieces
 36651 | Orc:2    | Bought a potion of attraction for 75 gold pieces
 36681 | Elf:1    | Entered Level 1 of the Elven Halls
 36747 | Elf:1    | Found Caphug's Firing Range.
 36797 | Elf:1    | Bought 2 throwing nets for 108 gold pieces
 37644 | Elf:1    | Found Xidghec's Armour Boutique.
 38028 | Elf:2    | Found a huge runed translucent gate.
 38028 | Elf:2    | Found a huge runed translucent gate.
 38028 | Elf:2    | Found a huge runed translucent gate.
 38028 | Elf:2    | Found a huge runed translucent gate.
 38028 | Elf:2    | Found a huge runed translucent gate.
 38028 | Elf:2    | Found a huge runed translucent gate.
 38028 | Elf:2    | Found a huge runed translucent gate.
 38028 | Elf:2    | Found a huge runed translucent gate.
 38174 | Elf:2    | Reached skill level 10 in Throwing
 38220 | Elf:2    | Received a gift from Okawaru
 38374 | Elf:2    | Reached XP level 22. HP: 179/181 MP: 12/36
 38382 | Elf:2    | Found a runed translucent door.
 38408 | Elf:2    | Found a runed translucent door.
 38490 | Elf:2    | Noticed Donald
 38511 | Elf:2    | Killed Donald
 38944 | Elf:2    | Identified the +5 double sword of Picwuitu {heavy, rElec
                  | Stlth+}
 39127 | Elf:2    | Received a gift from Okawaru
 39661 | Vaults:1 | Entered Level 1 of the Vaults
 39717 | Vaults:1 | Reached skill level 15 in Armour
 39938 | Vaults:1 | Reached skill level 15 in Axes
 39986 | Vaults:1 | Received a gift from Okawaru
 40102 | Vaults:1 | Found Quxzeav's Armour Shop.
 40150 | Vaults:1 | Bought a +1 pair of gloves for 230 gold pieces
 40310 | Arena    | Entered the Arena
 40315 | Arena    | HP: 3/183 [ironbound thunderhulk/+0 dire flail (29)]
 40325 | Arena    | Reached XP level 23. HP: 15/190 MP: 4/37
 40636 | Vaults:1 | Reached skill level 10 in Dodging
 40883 | Vaults:1 | Reached XP level 24. HP: 198/198 MP: 37/37
 41101 | Vaults:1 | Identified the ring of Penoc {Wiz rC+ rN+ Str+3 Int+3}
 41474 | Vaults:2 | Identified the +2 leather armour of Ijatiobbi {Dex+4}
 42859 | Vaults:2 | Found a staircase to the Crypt.
 42948 | Vaults:3 | Received a gift from Okawaru
 44377 | Vaults:4 | Received a gift from Okawaru
 44430 | Vaults:4 | Reached XP level 25. HP: 207/207 MP: 37/37
 44577 | Vaults:4 | Found a magical portal.
 44590 | WizLab   | Entered Wucad Mu's Monastery
 44790 | WizLab   | Found the crystal ball of Wucad Mu {*channel}
 44949 | WizLab   | Reached XP level 26. HP: 215/215 MP: 12/37
 45218 | Vaults:4 | Identified the +1 leather armour of Kakhiuff {rPois rF+ rC+
                  | Slay+2}
 45353 | Vaults:4 | Identified the +3 ring mail of Zurualat {rPois Str+2 Dex+2}
 45667 | Vaults:4 | Identified the +0 fire dragon scales of Sunlight {rF++ rC-
                  | Will+++ Int-3}
 46489 | Depths:1 | Entered Level 1 of the Depths
 46498 | Depths:1 | Received a gift from Okawaru
 46913 | Depths:1 | Found a gateway to Hell.
 47074 | Depths:1 | Found a stormy altar of Qazlal.
 47697 | Depths:2 | Received a gift from Okawaru
 48246 | Depths:2 | Noticed a juggernaut
 48262 | Depths:2 | Received a gift from Okawaru
 48274 | Depths:2 | Reached skill level 15 in Evocations
 48276 | Depths:2 | Killed a juggernaut
 48283 | Depths:2 | Reached XP level 27. HP: 124/224 MP: 13/39
 48597 | Depths:2 | Got the Parchment of Amalgamated Inhalation
 48965 | Depths:2 | Identified the +4 giant club of Pandemonium {heavy, rF+
                  | Str+4}
 49054 | Depths:2 | Found a one-way gate leading to the halls of Pandemonium.
 49065 | Depths:2 | Received a gift from Okawaru
 49126 | Depths:3 | Found a one-way gate to the infinite horrors of the Abyss.
 49495 | Depths:3 | Found Big Baal Hell's Store.
 49557 | Depths:3 | Noticed a juggernaut
 49565 | Depths:3 | Killed a juggernaut
 50150 | Depths:3 | Got the Parchment of Misty Striking
 50229 | Depths:4 | Entered Level 4 of the Depths
 50232 | Depths:4 | Received a gift from Okawaru
 50316 | Depths:4 | Found a gate to the Realm of Zot.
 50521 | Depths:4 | Found a runed translucent gate.
 50521 | Depths:4 | Found a runed translucent gate.
 50521 | Depths:4 | Found a runed translucent gate.
 50521 | Depths:4 | Noticed an ancient lich
 50521 | Depths:4 | Noticed strangelove's ghost (master GrEE)
 50528 | Depths:4 | Found the +3 Mad Mage's Maulers {Infuse+∞ VampMP -Cast}
 50641 | Depths:4 | Found a one-way gateway to a ziggurat.
 50898 | Depths:4 | Killed an ancient lich
 50908 | Depths:4 | Killed strangelove's ghost
 51273 | Vaults:5 | Entered Level 5 of the Vaults
 51286 | Vaults:5 | Received a gift from Okawaru
 51291 | Arena    | Entered the Arena
 51333 | Vaults:5 | Reached skill level 15 in Spellcasting
 51374 | Arena    | Entered the Arena
 51419 | Vaults:5 | Got the Discourse on Gusts
 51709 | Vaults:5 | Received a gift from Okawaru
 51831 | Vaults:5 | Gained mutation: Your body sometimes deteriorates upon
                  | taking damage. [a shining eye]
 51909 | Vaults:5 | Identified the +9 hand cannon of Watidgho {penet, Fly rF+
                  | Dex+2}
 52167 | Vaults:5 | Got Ikhueg's Tome of Vexatious Venin
 52405 | Vaults:5 | Got a silver rune of Zot
 52546 | Vaults:5 | Identified the +5 demon blade "Grim" {drain, ^Fragile
                  | Str+3}
 52546 | Vaults:5 | Identified the +3 leather armour of Romeitefe {MP+9 Int+4}
 52546 | Vaults:5 | Identified the ring of Secrets {rF+ Str+2}
 52684 | Vaults:5 | Identified the +4 rapier of the Narrow God {flame, Fly}
 52691 | Vaults:5 | Got Pediuf's Compendium of Creeping Air
 52693 | Vaults:5 | Got the Papyrus of the Ironbound Ouroboros
 53211 | Slime:5  | Noticed the Royal Jelly
 53217 | Arena    | Entered the Arena
 53219 | Arena    | Killed the Royal Jelly
 53346 | Slime:4  | Gained mutation: Armour fits poorly on your strangely
                  | shaped body. [a shining eye]
 53349 | Slime:4  | Gained mutation: You are vulnerable to heat. (rF-) [a
                  | shining eye]
 53354 | Slime:4  | Lost mutation: Your body sometimes deteriorates upon taking
                  | damage. [potion of mutation]
 53354 | Slime:4  | Lost mutation: You occasionally lose the ability to read
                  | scrolls when taking damage. [potion of mutation]
 53354 | Slime:4  | Lost mutation: Armour fits poorly on your strangely shaped
                  | body. [potion of mutation]
 53354 | Slime:4  | Gained mutation: You are strong-willed. (Will+) [potion of
                  | mutation]
 53354 | Slime:4  | Gained mutation: You passively dampen the noise of your
                  | surroundings. [potion of mutation]
 53354 | Slime:4  | Gained mutation: You are partially covered in iridescent
                  | scales. (AC +2) [potion of mutation]
 53416 | Slime:5  | Identified the staff "Ragiy" {rF+ rCorr Int+2 Fire}
 53417 | Slime:5  | Identified the +7 flail "Arbiter" {freeze, Str+2}
 53418 | Slime:5  | Identified the +5 ring mail "Zeenitar" {rPois Str+2 Int-3}
 53440 | Slime:5  | Identified the +0 plate armour "Volutwa Mere" {Regen+ Int+3
                  | Dex+3 SInv}
 53451 | Slime:5  | Identified the +1 robe of Bung {Will+ Int+4 Dex+2}
 53455 | Slime:5  | Got a slimy rune of Zot
 53463 | Slime:5  | Found the +9 scales of the Dragon King {rPois rF+ rC+
                  | Will+}
 53484 | Slime:5  | Identified the +5 battleaxe of Righteous Fury {chaos, rPois
                  | rC+ rN+ Int-5}
 53515 | Slime:5  | Identified the ring of Eteth {Fly rElec AC+4 Dex+7}
 53523 | Slime:5  | Learned a level 4 spell: Manifold Assault
 53533 | Slime:5  | Identified the ring "Wexucvur" {Fly rElec rC+ Dex-4}
 53594 | Slime:5  | Identified the +5 orcbow "Meulill" {drain, Str+3}
 54010 | D:12     | You showed the slimy rune of Zot to enter a treasure trove
 54011 | Trove    | Entered a treasure trove
 54017 | Trove    | Identified the +0 chain mail of the Iron Devil {rPois Will-
                  | Int+3 SInv}
 54020 | Trove    | Found the +2 cloak of the Thief {*Fog Slay-2 SInv Stlth+}
 54024 | Trove    | Identified the +1 crystal plate armour of Exclusion {rElec
                  | Regen+ Str-4 Dex+7}
 54039 | Trove    | Identified the +5 chain mail "Wosofits" {Will++}
 54138 | D:12     | Lost mutation: Your muscles are strong. (Str +4, Int/Dex
                  | -1) [potion of mutation]
 54138 | D:12     | Lost mutation: You are vulnerable to heat. (rF-) [potion of
                  | mutation]
 54138 | D:12     | Lost mutation: You are strong-willed. (Will+) [potion of
                  | mutation]
 54138 | D:12     | Gained mutation: You are agile. (Dex +4, Str/Int -1)
                  | [potion of mutation]
 54138 | D:12     | Lost mutation: You are partially covered in iridescent
                  | scales. (AC +2) [potion of mutation]
 54138 | D:12     | Gained mutation: You passively map a small area around you.
                  | [potion of mutation]
 54307 | Crypt:1  | Entered Level 1 of the Crypt
 54580 | Crypt:1  | Identified a scroll of acquirement
 54599 | Crypt:1  | Acquired the +10 tower shield "Emott" {Will+}
 55793 | Crypt:1  | Received a gift from Okawaru
 55942 | Crypt:1  | Reached skill level 1 in Translocations
 57522 | Crypt:2  | Noticed Jory
 57532 | Crypt:2  | Killed Jory
 57994 | Crypt:2  | Found a basalt altar of Yredelemnul.
 59260 | Crypt:3  | Entered Level 3 of the Crypt
 59637 | Crypt:3  | Reached skill level 15 in Dodging
 61630 | Crypt:3  | Found a staircase to the Tomb.
 63717 | Zot:1    | Entered Level 1 of the Realm of Zot
 64829 | Zot:1    | Identified the +6 hand axe "Dragon's Tongue" {vamp, rF+}
 65063 | Zot:1    | Found the +0 pair of fencer's gloves {Riposte Dex+3}
 65208 | Zot:1    | Got Tesek's Tome of Lava
 65379 | Zot:1    | Identified the +2 robe "Lareng" {-Cast +Blink rC- rN+++}
 65432 | Zot:1    | Noticed Grunn
 65450 | Zot:1    | Killed Grunn
 65764 | Zot:2    | Received a gift from Okawaru
 66649 | Zot:3    | Reached skill level 5 in Translocations
 66912 | Zot:3    | Noticed Parghit
 66930 | Zot:3    | Killed Parghit
 67535 | Zot:4    | Received a gift from Okawaru
 67875 | Zot:5    | Entered Level 5 of the Realm of Zot
 67883 | Zot:5    | Identified the +7 shortbow "Lynoiw" {heavy, rC+}
 68298 | Zot:5    | Noticed a dread lich
 68316 | Zot:5    | Noticed an ancient lich
 68318 | Zot:5    | Killed a dread lich
 68327 | Zot:5    | Killed an ancient lich
 68340 | Zot:5    | Noticed a Killer Klown
 68341 | Zot:5    | Noticed an orb of fire
 68355 | Zot:5    | Killed an orb of fire
 68357 | Zot:5    | Killed a Killer Klown
 68441 | Zot:5    | Noticed a dread lich
 68459 | Zot:5    | Killed a dread lich
 68470 | Zot:5    | Noticed a dread lich
 68479 | Zot:5    | Killed a dread lich
 68498 | Zot:5    | Noticed a Killer Klown
 68505 | Zot:5    | Killed a Killer Klown
 68544 | Zot:5    | Noticed an orb of fire
 68544 | Zot:5    | Noticed a Killer Klown
 68548 | Zot:5    | Received a gift from Okawaru
 68554 | Zot:5    | Killed an orb of fire
 68557 | Zot:5    | Killed a Killer Klown
 68603 | Zot:5    | Noticed an orb of fire
 68612 | Zot:5    | Gained mutation: Your spells are a little easier to cast,
                  | but a little less powerful. [an orb of fire]
 68615 | Zot:5    | Killed an orb of fire
 68769 | Zot:5    | Noticed an orb of fire
 68771 | Zot:5    | Noticed a Killer Klown
 68780 | Zot:5    | Killed a Killer Klown
 68781 | Zot:5    | Killed an orb of fire
 69142 | Depths:3 | Bought a scroll of acquirement for 3432 gold pieces
 69145 | Depths:3 | Acquired the ring of Asceticism {*Corrode Will+ MP-9 Str+4
                  | Dex+7}
 69468 | Hell     | Entered the Vestibule of Hell
 69468 | Hell     | Noticed Geryon
 69478 | Hell     | Received a gift from Okawaru
 69489 | Hell     | Killed Geryon
 69506 | Hell     | Received a gift from Okawaru
 69691 | Hell     | Found a gateway to the decaying netherworld of Tartarus.
 69705 | Tar:1    | Entered Level 1 of Tartarus
 70093 | Tar:2    | Received a gift from Okawaru
 70540 | Tar:4    | Received a gift from Okawaru
 70817 | Tar:6    | Noticed a dread lich
 70817 | Tar:6    | Noticed a dread lich
 70817 | Tar:6    | Noticed a dread lich
 70817 | Tar:6    | Noticed an ancient lich
 70826 | Tar:6    | Killed a dread lich
 70826 | Tar:6    | Killed a dread lich
 70827 | Tar:6    | Killed an ancient lich
 70827 | Tar:6    | Received a gift from Okawaru
 70827 | Tar:6    | Killed a dread lich
 71449 | Tar:7    | Entered Level 7 of Tartarus
 71563 | Tar:7    | Killed from afar by a hellion

Illustrated notes

Levels and vault maps discovered:
D:1:      ldierk_walled_garden_2, layout_basic, nicolae_shop_unique_rings,
          st_stairs_5
D:2:      layout_loops_ring, shapermc_ecumenical_altar_flowoftime, serial_shops,
          shop, st_stairs_6, uniq_robin
D:3:      layout_loops_corners, lemuel_tele_altar, uniq_grinder, uniq_sigmund
D:4:      layout_basic
D:5:      layout_rooms, uniq_pikel
D:6:      layout_loops_ring, minmay_temple_entry_nine_rooms,
          chequers_ossuary_entry_cave, nicolae_underground_beach, uniq_duvessa
D:7:      layout_cave_pods, uniq_jeremiah
D:8:      layout_gridville, trog_wizard, dpeg_lair_monsters,
          minmay_misc_feat_iff, uniq_psyche, uniq_prince_ribbit1, uniq_joseph
D:9:      gammafunk_cloud_chamber, layout_loops_ring, uniq_maurice
D:10:     layout_rooms, serial_glass, glass_columns_b, glass_columns_a,
          glass_columns_a, uniq_nergalle
D:11:     layout_rooms, hiddenorc2_lemuel, hellmonk_ghost_happy_afterlife
D:12:     layout_irregular_city, enter_trove_1, serial_park_tiny_1,
          chequers_mini_garden
D:13:     layout_roguey, tgw_fedhas, uniq_azrael, uniq_snorg
D:14:     layout_roguey, skrybe_vaults_entry_preservation,
          nicolae_gozag_seed_capital, gammafunk_ghost_wrathful_warriors,
          serial_shops, nicolae_shop_dealshenge
D:15:     hangedman_depths_entry_try_elsewhere_first, layout_small_grid,
          minivault_16
Temple:   nicolae_temple_slightly_damp_pantheon
Lair:1:   layout_regular_city, infiniplex_staircase_pool_2, grunt_megastairs_5,
          serial_bayou_shore_b, uniq_erica, uniq_amaemon
Lair:2:   layout_long_grid, nicolae_volcano_entry_lava_flow,
          lemuel_fruit_fields, grunt_megastairs_2
Lair:3:   beast_lair_carwin_large_4, layout_misc_corridors,
          elwin_shoals_entry_rocks, guppyfry_snake_entry_garden,
          hangedman_lair_unloving_vines, nicolae_lair_grove_arrangements,
          uniq_nessos, uniq_gastronok
Lair:4:   layout_loops_ring, slime_entry_1,
          portal_ice_cave_entry_animals_and_master
Lair:5:   due_jungle_book, layout_layer_cave, st_stairs_8
Shoals:1: layout_shoals, uniq_roxanne, uniq_nikola, uniq_jorgrun
Shoals:2: layout_shoals, argonaut_gorgonesque, uniq_ilsuiw
Shoals:3: layout_shoals, nicolae_shoals_nymph_descending_staircase
Shoals:4: shoals_end_grunt_ice, layout_shoals
Snake:1:  layout_honeycomb
Snake:2:  layout_basic
Snake:3:  layout_cave_town, nicolae_snake_lava_pool
Snake:4:  grunt_snake_rune_serpentine_throne, layout_rooms, serial_shops, shop,
          uniq_mara
Slime:1:  layout_caves
Slime:2:  layout_caves, uniq_dissolution
Slime:3:  layout_caves
Slime:4:  layout_caves
Slime:5:  slime_pit_nicolae_amoeboid
Orc:1:    layout_diamond_mine, serial_shops, shop, nicolae_orc_rockfall,
          elf_legates
Orc:2:    st_orc_mages, layout_diamond_mine, led_sif_book, uniq_sonja
Elf:1:    elf_arrival_001, layout_loops_cross, serial_shops,
          nicolae_shop_tiny_statue_garden, minmay_elf_annihilation,
          nicolae_shop_firing_range
Elf:2:    elven_hall_of_blades_hangedman_original
          [nicolae_blade_entry_splitting_headache], layout_gridlike,
          nicolae_elf_double_double_double_trouble, uniq_donald
Vaults:1: hangedman_vaults_hat, v_misc_15, minmay_orc_keep,
          nicolae_vaults_thirteen_compartments, ontoclasm_vaults_ligature,
          nicolae_vaults_door_testing_chamber,
          nicolae_vaults_variable_pillar_hall, nicolae_vaults_shrinking_rooms_1,
          nicolae_vaults_tetromino_Z_2, nicolae_vaults_taking_the_gang_shopping,
          vaults_room_fours, grunt_vaults_diagonal,
          nicolae_vaults_trapezoid_lopsided_1, layout_vaults_maze_snakey
Vaults:2: nicolae_vaults_triangles, nicolae_vaults_little_squares_5,
          nicolae_vaults_tangram_1, grunt_vaults_twisty,
          blue_anna_dwarven_crypt, nicolae_vaults_crenellated_ambush,
          layout_vaults_quadrants
Vaults:3: nicolae_vaults_big_ls, nicolae_vaults_network_s,
          nicolae_vaults_frosty_reception, st_squares,
          nicolae_vaults_trapezoid_lopsided_3,
          nicolae_vaults_offset_grid_hallway_1,
          vaults_room_grunt_arrival_ludios, nicolae_vaults_wine_cellar,
          nicolae_vaults_hexular_roomagon, nicolae_vaults_double_plus_1,
          nicolae_vaults_tetromino_T_1, layout_vaults_omnicross
Vaults:4: infiniplex_enter_wizlab_glasses, st_star,
          nicolae_vaults_network_square, hangedman_vaults_river_flow,
          nicolae_vaults_theta, v_alt_pattern_2, nicolae_vaults_hallways_thing,
          hangedman_vaults_corner_blocks, nicolae_vaults_house_3,
          grunt_vaults_hallway_short, ontoclasm_vaults_decontamination,
          vaults_mumra_lcd, ontoclasm_vaults_loading_screen,
          layout_vaults_omnibox
Vaults:5: serial_shops
Crypt:1:  layout_rooms, grunt_crypt_arrival_webbed
Crypt:2:  layout_misc_corridors, basic_altar, hellmonk_scarab_ruin, uniq_jory
Crypt:3:  due_elkab, layout_chaotic_city, st_stairs_5, minmay_misc_feat_rows
Depths:1: layout_gridville, pf_dread_powers_of_hell, kennysheep_nondescript,
          serial_bayou_pond_e, nicolae_two_hexagons,
          nicolae_qazlal_scattered_showers
Depths:2: grunt_runaround [grunt_runaround_loot, grunt_runaround_doors_1,
          grunt_runaround_doors_2, grunt_runaround_doors_3,
          grunt_runaround_doors_4], hell_entry, pan_entry
Depths:3: evilmike_pillar_path, layout_cave_pools, abyss_entry,
          nicolae_hell_entry_big_baal_hell, minmay_misc_feat_alley,
          infiniplex_staircase_x
Depths:4: grunt_twist_and_shout, layout_cave_pools, enter_ziggurat_f,
          moated_statue, hell_entry, gammafunk_ghost_necromancy,
          hangedman_abyss_entry_splay
Hell
Tar:1:    layout_honeycomb
Tar:2:    layout_grid_maze
Tar:3:    layout_catacombs, nicolae_hells_fiendish_ambush
Tar:4:    layout_honeycomb
Tar:5:    layout_cathedral_of_symmetry
Tar:6:    layout_honeycomb, nicolae_tar_liches_on_tour
Tar:7:    tar_old
Zot:1:    layout_misc_corridors, regret_index_zotdec_dark_gr,
          hangedman_zot_gyre, st_large_dragon_hoard_4, uniq_grunn
Zot:2:    layout_onion_interference, regret_index_zotdec_ex
Zot:3:    layout_misc_corridors, grunt_megastairs_1, uniq_parghit
Zot:4:    layout_misc_corridors
Zot:5:    layout_gridville, grunt_ministairs_4

Skill      XL: |  1  2  3  4  5  6  7  8  9 10 11 12 13 14 15 16 17 18 19 20 21 22 23 24 25 26 27 |
---------------+----------------------------------------------------------------------------------+-----
Fighting       | 4 5 6 7 8 10 11 12 13 14 15 16 17 18 19 20 22 | 22.4
Axes           | 3 4 5 6 7 8 9 10 11 12 13 14 15 16 17 21 | 21.4
Throwing       | 1 2 3 4 5 6 7 8 9 10 11 12 14 | 14.6
Armour         | 4 5 6 7 8 9 11 12 13 14 15 16 17 22 | 22.0
Evocations     | 1 3 4 5 6 7 8 10 11 12 13 14 15 21 | 21.1
Shields        | 6 8 9 10 11 12 13 14 16 17 20 | 20.9
Maces & Flails | 3 4 |  4.0
Spellcasting   | 3 4 5 6 8 9 10 12 21 | 21.1
Invocations    | 3 4 6 7 9 10 11 | 11.8
Necromancy     | 2 4 6 7 8 9 |  9.4
Stealth        | 3 |  3.8
Dodging        | 2 4 5 6 7 8 9 10 11 12 18 | 18.8
Polearms       | 2 3 |  3.0
Translocations | 9 |  9.2

Action                     |  1- 3 |  4- 6 |  7- 9 | 10-12 | 13-15 | 16-18 | 19-21 | 22-24 | 25-27 || total
---------------------------+-------+-------+-------+-------+-------+-------+-------+-------+-------++-------
  Melee: War axe           |    76 |   129 |   168 |       |       |       |       |       |       ||   373
         Whip              |       |       |   279 |   266 |       |       |       |       |       ||   545
         Trident           |       |       |       |   368 |    93 |       |       |       |       ||   461
         Battleaxe         |       |       |       |   202 |   800 |   832 |   759 |   144 |  1258 ||  3995
         Scimitar          |       |       |       |     5 |       |       |       |       |       ||     5
         Lajatang          |       |       |       |       |    13 |     6 |       |       |       ||    19
         Flail             |       |       |       |       |       |       |   341 |       |    30 ||   371
         Executioner's axe |       |       |       |       |       |       |    53 |   456 |  1096 ||  1605
  Throw: Boomerang         |       |       |     2 |     1 |     4 |       |       |       |       ||     7
         Dart              |       |       |       |    10 |     4 |       |       |       |       ||    14
         Javelin           |       |       |       |     6 |     8 |       |    14 |     9 |     3 ||    40
   Cast: Fugue of the Fall |       |       |       |       |       |       |       |     1 |    22 ||    23
         Manifold Assault  |       |       |       |       |       |       |       |       |    10 ||    10
 Invoke: Heroism           |       |       |       |    12 |    22 |     8 |    27 |    15 |    58 ||   142
         Finesse           |       |       |       |       |     3 |     1 |     2 |     1 |     8 ||    15
         Receive Weapon    |       |       |       |       |       |     1 |       |       |       ||     1
         Receive Armour    |       |       |       |       |       |     1 |       |       |       ||     1
         Duel              |       |       |       |       |       |       |     2 |     1 |     3 ||     6
Ability: Dig               |     1 |       |       |     3 |     6 |     1 |     7 |       |     2 ||    20
         Shaft Self        |       |       |       |     1 |     1 |       |       |       |       ||     2
         Evoke Invisibilit |       |       |       |       |       |       |       |       |     1 ||     1
  Evoke: Wand              |       |     1 |     6 |     5 |     7 |     6 |    75 |     1 |     5 ||   106
         Lightning rod     |       |       |       |       |       |     3 |     4 |       |       ||     7
         Condenser vane    |       |       |       |       |       |       |       |       |     1 ||     1
    Use: Potion            |       |     1 |     1 |     1 |     6 |     3 |    11 |     6 |    31 ||    60
         Scroll            |       |       |       |    20 |    11 |     7 |     5 |     5 |     6 ||    54
   Stab: Distracted        |       |     1 |       |     1 |       |     1 |       |       |     3 ||     6
         Sleeping          |       |       |       |     1 |     1 |       |       |       |       ||     2
         Petrified         |       |       |       |       |       |       |     7 |       |       ||     7
         Invisible         |       |       |       |       |       |       |       |     3 |     1 ||     4
 Armour: Scale mail        |     7 |       |       |       |       |       |       |       |       ||     7
         Chain mail        |    39 |    95 |   428 |    12 |    19 |   427 |       |       |       ||  1020
         Robe              |       |       |       |   130 |     9 |       |       |       |       ||   139
         Plate armour      |       |       |       |   584 |   939 |       |       |       |       ||  1523
         Crystal plate arm |       |       |       |       |       |    54 |   880 |   638 |  1789 ||  3361
  Dodge: Dodged            |    36 |    53 |   210 |   389 |   418 |   271 |   274 |   234 |   935 ||  2820
  Block: Buckler           |    22 |    37 |   149 |   306 |   457 |   132 |       |       |       ||  1103
         Kite shield       |       |       |       |       |       |   713 |  1297 |   618 |  1251 ||  3879
         Reflection        |       |       |       |       |       |    61 |   109 |    46 |    33 ||   249
         Other             |       |       |       |       |       |     3 |       |       |       ||     3
         Tower shield      |       |       |       |       |       |       |       |       |  1565 ||  1565
Riposte: Executioner's axe |       |       |       |       |       |       |       |       |   222 ||   222
         Battleaxe         |       |       |       |       |       |       |       |       |   134 ||   134
